 Dungeon Crawl Stone Soup version 0.23-a0-644-gb60d84b635 (webtiles) character file.

116 HereIgoKillingAgain the Sneak (level 4, -2/21 HPs)
             Began as a Spriggan Enchanter on Jan 1, 2019.
             Slain by a gnoll (6 damage)
             ... on level 3 of the Dungeon.
             The game lasted 00:02:37 (2227 turns).

HereIgoKillingAgain the Sneak (Spriggan Enchanter)  Turns: 2227, Time: 00:02:37

Health: -2/21      AC:  2    Str:  4    XL:     4   Next: 69%
Magic:  1/10       EV: 19    Int: 17    God:
Gold:   69         SH:  0    Dex: 16    Spells: 1/10 levels left

rFire    . . .     SeeInvis +   f - +2 dagger (speed)
rCold    . . .     Gourm    .   (shield restricted)
rNeg     . . .     Faith    .   b - +0 robe
rPois    .         Spirit   .   (helmet restricted)
rElec    .         Reflect  .   (no cloak)
rCorr    .         Harm     .   (gloves unavailable)
MR       .....                  (boots unavailable)
Stlth    +++.......             (no amulet)
HPRegen  0.07/turn              (no ring)
MPRegen  0.12/turn              (no ring)

@: very quick
A: very small, unfitting armour, see invisible, herbivore, speed 3, slow
metabolism 2
a: no special abilities


You were on level 3 of the Dungeon.
You were hungry.

You visited 1 branch of the dungeon, and saw 3 of its levels.

You collected 69 gold pieces.

Inventory:

Hand Weapons
 a - a +1 dagger
 f - a +2 dagger of speed (weapon)
Armour
 b - a +0 robe (worn)
Jewellery
 j - an uncursed ring of protection from fire
Scrolls
 g - a scroll of remove curse
Potions
 c - a potion of heal wounds
 e - a potion of magic {unknown}
 h - a potion of curing {unknown}
 i - a potion of degeneration {unknown}
 k - a potion of haste {unknown}
Comestibles
 d - 3 rations


   Skills:
 - Level 1.1 Short Blades
 + Level 4.0 Dodging
 * Level 6.3 Stealth
 + Level 3.6 Spellcasting
 + Level 4.4 Hexes


You had one spell level left.
You knew the following spells:

 Your Spells              Type           Power        Failure   Level  Hunger
a - Ensorcelled Hibernat  Hex/Ice        ##....       10%         2    ##.....
b - Corona                Hex            ###....      2%          1    None
c - Confuse               Hex            ###.....     8%          3    ###....
d - Dazzling Spray        Conj/Hex       ##....       21%         3    ###....

Your spell library contained the following spells:

 Spells                   Type           Power        Failure   Level  Hunger
 Tukima's Dance           Hex            ###.....     8%          3    ###....


Dungeon Overview and Level Annotations

Branches:
Dungeon (3/15)

Altars:


Innate Abilities, Weirdness & Mutations

You are very small and have problems with some larger weapons.
You are too small for most types of armour.
You have supernaturally acute eyesight. (SInv)
You are a herbivore.
You cover ground extremely quickly.
You need to consume almost no food.


Message History

Aim: a giant cockroach (clinging, chance to defeat MR: 59%)
The giant cockroach looks drowsy...
You are feeling hungry.
The helpless giant cockroach fails to defend itself.
You impale the giant cockroach!!
You kill the giant cockroach!
The gnoll completely misses you.
Casting: Ensorcelled Hibernation (safe; 10% risk of failure)
Confirm with . or Enter, or press ? or * to list all spells.
Aiming: Ensorcelled Hibernation (safe; 10% risk of failure)
Press: ? - help, Shift-Dir - straight line, f - gnoll
Aim: a gnoll (chance to defeat MR: 50%)
The gnoll resists with some effort.
The gnoll completely misses you.
Casting: Ensorcelled Hibernation (safe; 10% risk of failure)
Confirm with . or Enter, or press ? or * to list all spells.
Aiming: Ensorcelled Hibernation (safe; 10% risk of failure)
Press: ? - help, Shift-Dir - straight line, f/p - gnoll
Aim: a gnoll (chance to defeat MR: 50%)
The gnoll resists with some effort.
The gnoll hits you.
You die...

..........####.##
.........%####.#
#.###.†.........
##.###<....####.#
............#
%###W....##
##....# #†g#)#
#@##.# #.# .# #.#
.# #.. .. ######


You could see a phantom and a gnoll.

Vanquished Creatures
  A worker ant (D:2)
  4 adders
  2 dart slugs (D:1)
  3 leopard geckos (D:2)
  6 bats
  5 giant cockroaches
  5 hobgoblins
  5 kobolds
  A frilled lizard (D:1)
  8 goblins
  8 rats
48 creatures vanquished.

Notes
Turn   | Place    | Note
-------+----------+-------------------------------------------
     0 | D:1      | HereIgoKillingAgain the Spriggan Enchanter began the quest
                  | for the Orb.
     0 | D:1      | Reached XP level 1. HP: 9/9 MP: 5/5
   242 | D:1      | Reached XP level 2. HP: 13/13 MP: 6/6
   246 | D:1      | Learned a level 2 spell: Ensorcelled Hibernation
   543 | D:1      | Reached skill level 5 in Stealth
  1198 | D:2      | Reached XP level 3. HP: 11/16 MP: 5/8
  1237 | D:2      | Learned a level 3 spell: Confuse
  1680 | D:2      | Reached XP level 4. HP: 21/21 MP: 6/10
  1902 | D:2      | Reached skill level 6 in Stealth
  2124 | D:2      | Learned a level 3 spell: Dazzling Spray
  2194 | D:3      | Noticed a phantom
  2227 | D:3      | Slain by a gnoll

Vault maps used:
D:1:      lightli_arrival_statuegarden, chequers_serial_rivers_micro_c
D:3:      nicolae_tso_swordbearing_angel

Skill      XL: |  1  2  3  4 |
---------------+-------------+-----
Stealth        | 5 6 |  6.3
Spellcasting   | 3 |  3.6
Hexes          | 4 |  4.4
Dodging        | 4 |  4.0
Short Blades   | |  1.1

Action                   |  1- 3 |  4- 6 || total
-------------------------+-------+-------++-------
Melee: Dagger            |   138 |    49 ||   187
 Cast: Ensorcelled Hiber |    12 |    14 ||    26
       Confuse           |       |     1 ||     1
  Use: Scroll            |       |     1 ||     1
       Potion            |       |     1 ||     1
 Stab: Sleeping          |    13 |     7 ||    20
       Confused          |       |     2 ||     2
Armor: Robe              |     5 |     4 ||     9
Dodge: Dodged            |    97 |    45 ||   142

Table legend:
 A = Non-vault XP
 B = Vault XP
 C = Vault XP percentage of total XP
 D = Non-vault monster count
 E = Vault monster count
 F = Vault count percentage of total count
                 A         B        C        D         E       F
            +---------+---------+-------+---------+---------+-------
      Total |     166 |       0 |   0.0 |      48 |       0 |   0.0
            +---------+---------+-------+---------+---------+-------
        D:1 |      31 |       0 |   0.0 |      18 |       0 |   0.0
        D:2 |     115 |       0 |   0.0 |      25 |       0 |   0.0
        D:3 |      20 |       0 |   0.0 |       5 |       0 |   0.0
            +---------+---------+-------+---------+---------+-------
